 Dungeon Crawl Stone Soup version 0.26-a0-597-gb535b0901c (webtiles) character file.

Game seed: 14514065026574613136

11665 Lanoc the Earth Mage (level 11, -1/74 HPs)
             Began as a Grey Draconian Ice Elementalist on Sept 3, 2020.
             Was a High Priest of Dithmenos.
             Slain by a minotaur
             ... wielding the +4 scimitar "Nadgh" {elec, *Noise rC+++ Int-2 Dex+9}
              (9 damage)
             ... in a Gauntlet.
             The game lasted 00:34:45 (14886 turns).

Lanoc the Earth Mage (DrIE)                        Turns: 14886, Time: 00:34:45

Health: -1/74      AC: 13    Str: 11    XL:     11   Next: 52%
Magic:  12/14      EV: 18    Int: 23    God:    Dithmenos [*****.]
Gold:   724        SH:  5    Dex: 13    Spells: 2/14 levels left

rFire    x . .     SeeInvis .   i - +3 dagger (freeze)
rCold    + + .     Faith    .   (no shield)
rNeg     . . .     Spirit   .   (armour unavailable)
rPois    .         Reflect  +   (helmet restricted)
rElec    .         Harm     .   v - +0 cloak of Repulsion {rC+ Regen+ Dex-4} (curse)
rCorr    .         NoTele   +   (no gloves)
MR       .....                  (no boots)
Stlth    +++.......             k - amulet of reflection
HPRegen  0.62/turn              l - ring of Oenomania {Ice Int+4}
MPRegen  0.14/turn              w - +6 ring of dexterity

@: frozen ramparts, hasted, wreathed by umbra, very quick
A: walk through water, unfitting armour, unbreathing, cold-blooded, AC +12
a: Shadow Step, Shadow Form, Renounce Religion


You were in a Gauntlet.
You worshipped Dithmenos.
Dithmenos was extremely pleased with you.
You visited 2 branches of the dungeon, and saw 12 of its levels.
You also visited: Gauntlet.

You collected 724 gold pieces.

Inventory:

Hand Weapons
 i - a +3 dagger of freezing (weapon)
 C - a +0 antimagic demon blade
Armour
 v - the cursed +0 cloak of Repulsion (worn) {rC+ Regen+ Dex-4}
   (You found it in a Gauntlet)

   It affects your dexterity (-4).
   It protects you from cold.
   It increases your rate of regeneration.
   It has a curse placed upon it.
Jewellery
 k - an amulet of reflection (around neck)
 l - the ring of Oenomania (left hand) {Ice Int+4}
   (You found it in a Gauntlet)

   [ring of ice]

   It enhances your ice magic.
   It affects your intelligence (+4).
   It makes you vulnerable to fire.
   It protects you from cold.
 w - a +6 ring of dexterity (right hand)
Wands
 n - a wand of paralysis (13)
 q - a wand of acid (3)
 s - a wand of polymorph (14)
 B - a wand of enslavement (12)
Scrolls
 c - 4 scrolls of enchant weapon {unknown}
 f - 8 scrolls of remove curse
 g - 4 scrolls of teleportation {unknown}
 h - 2 scrolls of enchant armour {unknown}
 m - 3 scrolls of amnesia
 o - 2 scrolls of fear
 r - a scroll of identify
 A - a scroll of immolation
 E - 2 scrolls of fog
Potions
 a - 3 potions of curing
 b - a potion of lignification
 d - a potion of invisibility
 e - a potion of mutation
 j - a potion of flight
 p - a potion of haste
 t - 2 potions of brilliance
 u - 2 potions of might
 z - 2 potions of berserk rage
 D - a potion of cancellation


   Skills:
 + Level 10.0 Dodging
 - Level 1.7 Stealth
 - Level 2.0 Spellcasting
 - Level 7.4 Ice Magic
 * Level 15.4 Earth Magic


You had 2 spell levels left.
You knew the following spells:

 Your Spells              Type           Power        Failure   Level
a - Lee's Rapid Deconstr  Erth           ######....   1%          5
b - Frozen Ramparts       Ice            ######       1%          3
c - Ozocubu's Armour      Ice            ######..     1%          3
d - Sandblast             Erth           ######       1%          1

Your spell library contained the following spells:

 Spells                   Type           Power        Failure   Level
 Freeze                   Ice            ####         1%          1
 Passwall                 Tmut/Erth      #####...     1%          2
 Foxfire                  Conj/Fire      #...         13%         1
 Sublimation of Blood     Necr           #.........   19%         2
 Stone Arrow              Conj/Erth      #####.       1%          3
 Petrify                  Tmut/Erth      #####...     5%          4
 Hailstorm                Conj/Ice       ####....     28%         4
 Summon Ice Beast         Ice/Summ       ####....     28%         4
 Conjure Flame            Conj/Fire      #.......     36%         3
 Inner Flame              Hex/Fire       #.......     36%         3
 Bolt of Magma            Conj/Fire/Erth ####......   41%         5
 Agony                    Necr           #.......     98%         5


Dungeon Overview and Level Annotations

Branches:
Dungeon (11/15)            Temple (1/1) D:7            Lair (0/6) D:10
    Orc (0/2) D:11        Gauntlet (1/1)

Altars:
Ashenzari
Cheibriados
Dithmenos
Elyvilon
Fedhas
Gozag
Kikubaaqudgha
Makhleb
Nemelex Xobeh
Ru
Sif Muna
Trog
Uskayaw
Vehumet
Wu Jian
The Shining One
Jiyva

Shops:
D:5 !   D:6 (   D:8 (

Annotations:
D:3 2 transporters, Sapher's ghost, amateur OpTm Gauntlet 10 transporters, exclusion: obsidian statue


Innate Abilities, Weirdness & Mutations

You can walk through water.
Your dull iron-grey scales are very hard. (AC +12)
You cannot fit into any form of body armour.
You can survive without breathing.
You are cold-blooded and may be slowed by cold attacks.


Message History

The wall freezes the minotaur but do no damage.
The minotaur hits you with the +4 scimitar "Nadgh" {elec, *Noise rC+++ Int-2 Dex+9}!!
You are electrocuted!
* * * LOW HITPOINT WARNING * * *
The minotaur closely misses you.
The minotaur completely resists.
The wall freezes the minotaur but do no damage.
The minotaur completely resists.
The wall freezes the minotaur but do no damage.
The minotaur completely resists.
The wall freezes the minotaur but do no damage.
The minotaur completely resists.
The wall freezes the minotaur but do no damage.
The minotaur completely resists.
The wall freezes the minotaur but do no damage.
You feel yourself speed up.
The minotaur hits you with the +4 scimitar "Nadgh" {elec, *Noise rC+++ Int-2 Dex+9}!
* * * LOW HITPOINT WARNING * * *
You are electrocuted!
You die...

###
#8.8.8.8.8(8.8.8.8#
#
#≈...((...(H..(..≈#
###.##.##.##(##.###
#.##.##.##.##.##
...............#
###.##.##.##.##.#
###.##.##.##.##.#
#...............#
#.##@###'#.##.###
#.##H###.#.# .#
#.....§#.#.. ..
##§##(##.##.##.#
#.##§##∩# .# .#
#§§§§§### .. .#
##§##§# #. ######
##


You could see a minotaur (corroded).

Vanquished Creatures
  A two-headed ogre (D:9)
  An unseen horror (D:10)
  An ugly thing (Gauntlet)
  2 gargoyles
  4 trolls
  A slime creature (D:8)
  Grinder (D:4)
  2 hippogriffs
  A shadow (D:7)
  A wyvern (D:8)
  10 yaks
  Grum (D:10)
  4 orc warriors
  3 black bears
  5 ice beasts
  A hornet zombie (D:9)
  A necrophage (D:10)
  4 sky beasts
  3 ogres
  7 wolves (D:10)
  3 centaurs
  2 big kobolds (D:4)
  4 bullfrogs
  5 scorpions
  5 killer bees
  20 wights
  3 electric eels (D:10)
  5 howler monkeys
  4 orc priests
  9 hounds
  3 jellies
  6 orc wizards
  3 bullfrog skeletons
  2 iguanas
  8 worker ants
  A killer bee zombie (D:5)
  18 gnolls
  11 adders
  5 white imps
  2 ufetubi
  An ooze (D:3)
  A dart slug (D:1)
  6 leopard geckos
  32 orcs
  6 bats
  4 giant cockroaches
  37 goblins
  21 hobgoblins
  20 jackals
  5 quokkas
  2 frilled lizards (D:3)
  A giant cockroach zombie (D:5)
  6 kobolds
  A leopard gecko skeleton (D:4)
  A quokka skeleton (D:5)
  7 rats
324 creatures vanquished.

Vanquished Creatures (others)
  A jackal (D:11)
  14 demonic plants (Gauntlet)
  4 fungi (Gauntlet)
  25 plants
44 creatures vanquished.

Grand Total: 368 creatures vanquished

Notes
Turn   | Place    | Note
-------+----------+-------------------------------------------
     0 | D:1      | Lanoc the Draconian Ice Elementalist began the quest for
                  | the Orb.
     0 | D:1      | Reached XP level 1. HP: 14/14 MP: 3/3
   257 | D:1      | Reached XP level 2. HP: 20/20 MP: 3/5
   792 | D:2      | Reached XP level 3. HP: 26/26 MP: 3/6
   827 | D:2      | Learned a level 3 spell: Frozen Ramparts
   865 | D:2      | Found a blossoming altar of Fedhas.
  1013 | D:3      | Reached skill level 5 in Ice Magic
  1127 | D:3      | Found a transporter.
  1130 | D:3      | Found a transporter.
  1145 | D:3      | Noticed a big kobold
  1145 | D:3      | Noticed a small abomination
  1169 | D:3      | Noticed Sapher's ghost (amateur OpTm)
  1190 | D:3      | Found a sacrificial altar of Ru.
  1244 | D:3      | Reached XP level 4. HP: 27/33 MP: 3/7
  1333 | D:3      | Found a faded altar of an unknown god.
  1345 | D:3      | Became a worshipper of Dithmenos the Shadowed
  1345 | D:3      | Reached * piety under Dithmenos
  1858 | D:4      | Reached XP level 5. HP: 38/38 MP: 4/8
  2100 | D:4      | Reached ** piety under Dithmenos
  2306 | D:4      | Reached XP level 6. HP: 36/45 MP: 9/9
  2406 | D:4      | Noticed Grinder
  2412 | D:5      | Entered Level 5 of the Dungeon
  2436 | D:5      | Found a shattered altar of Ashenzari.
  2518 | D:5      | Learned a level 3 spell: Ozocubu's Armour
  2598 | D:5      | Noticed a sky beast
  2854 | D:5      | Found an opulent altar of Gozag.
  2854 | D:5      | Found a snail-covered altar of Cheibriados.
  2855 | D:5      | Found an ancient bone altar of Kikubaaqudgha.
  2984 | D:5      | Found a bloodstained altar of Trog.
  3011 | D:5      | Killed a sky beast
  3081 | D:5      | Your scales start taking on a dull iron-grey colour.
  3081 | D:5      | Reached XP level 7. HP: 50/50 MP: 6/10
  3081 | D:5      | Gained mutation: You can survive without breathing. [Grey
                  | Draconian growth]
  3089 | D:5      | Learned a level 1 spell: Sandblast
  3330 | D:5      | Reached skill level 1 in Earth Magic
  3361 | D:5      | Found Oruappamm's Distillery.
  3442 | D:5      | Reached skill level 2 in Earth Magic
  3467 | D:5      | Reached skill level 3 in Earth Magic
  3492 | D:5      | Reached *** piety under Dithmenos
  3513 | D:5      | Reached skill level 4 in Earth Magic
  3817 | D:5      | Reached skill level 5 in Dodging
  3890 | D:4      | Found a sacrificial altar of Ru.
  3909 | D:4      | Paralysed by Grinder for 2 turns
  3921 | D:4      | Killed Grinder
  3921 | D:4      | Reached skill level 5 in Earth Magic
  3921 | D:4      | Reached XP level 8. HP: 27/57 MP: 6/11
  4047 | D:4      | Reached skill level 6 in Earth Magic
  4956 | D:4      | Reached skill level 7 in Earth Magic
  5425 | D:6      | Reached **** piety under Dithmenos
  5516 | D:6      | Reached skill level 8 in Earth Magic
  6165 | D:6      | Found a glowing golden altar of the Shining One.
  6166 | D:6      | Found a radiant altar of Vehumet.
  6209 | D:6      | Reached XP level 9. HP: 44/62 MP: 1/12
  6649 | D:6      | Found Oxziuxt's Antique Weapon Emporium.
  6736 | D:6      | Found an ornate altar of the Wu Jian Council.
  6738 | D:6      | Found a burning altar of Makhleb.
  6739 | D:6      | Found a white marble altar of Elyvilon.
  6863 | D:7      | Reached skill level 9 in Earth Magic
  7148 | D:7      | Found a staircase to the Ecumenical Temple.
  7158 | Temple   | Entered the Ecumenical Temple
  8135 | D:7      | Noticed a troll
  8149 | D:7      | Killed a troll
  8149 | D:7      | Reached skill level 10 in Earth Magic
  8967 | D:8      | Noticed a gargoyle
  8968 | D:8      | Reached skill level 11 in Earth Magic
  9021 | D:8      | Killed a gargoyle
  9555 | D:8      | Reached XP level 10. HP: 16/69 MP: 8/13
  9852 | D:7      | Learned a level 5 spell: Lee's Rapid Deconstruction
 10263 | D:8      | Reached skill level 12 in Earth Magic
 10306 | D:8      | Found Iqubbol's Weapon Boutique.
 10376 | D:8      | Found a hide-covered altar of Uskayaw.
 10516 | D:9      | Reached ***** piety under Dithmenos
 10898 | D:9      | Noticed a two-headed ogre
 10930 | D:9      | Killed a two-headed ogre
 10930 | D:9      | Reached skill level 13 in Earth Magic
 11692 | D:9      | Reached skill level 14 in Earth Magic
 11778 | D:10     | Entered Level 10 of the Dungeon
 11910 | D:10     | Noticed Grum
 11914 | D:10     | Reached XP level 11. HP: 67/74 MP: 8/14
 11923 | D:10     | Killed Grum
 12013 | D:10     | Killed an unseen horror
 13028 | D:10     | Reached skill level 15 in Earth Magic
 13247 | D:10     | Identified the +2 ring mail of the Skies Above {rF+ Dex-5
                  | SInv}
 13558 | D:10     | Found a staircase to the Lair.
 13910 | D:11     | Found a gate leading to a gauntlet.
 13929 | Gauntlet | Entered a Gauntlet
 13929 | Gauntlet | Found a transporter.
 13929 | Gauntlet | Found a transporter.
 13942 | Gauntlet | Noticed a soul eater
 14026 | Gauntlet | Found a transporter.
 14026 | Gauntlet | Found a transporter.
 14028 | Gauntlet | Identified the ring of the Will of the Gods {Wiz MR+ Str-4
                  | Dex+2}
 14035 | Gauntlet | Found a transporter.
 14056 | Gauntlet | Found a transporter.
 14056 | Gauntlet | Noticed an obsidian statue
 14064 | Gauntlet | Found a transporter.
 14064 | Gauntlet | Found a transporter.
 14064 | Gauntlet | Noticed a purple ugly thing
 14065 | Gauntlet | Noticed a green death
 14068 | Gauntlet | Found a transporter.
 14077 | Gauntlet | Noticed a great orb of eyes
 14095 | Gauntlet | Found a transporter.
 14102 | Gauntlet | Found a transporter.
 14122 | Gauntlet | Found a transporter.
 14156 | Gauntlet | Found a transporter.
 14164 | Gauntlet | Noticed a purple ugly thing
 14165 | Gauntlet | Noticed a red ugly thing
 14166 | Gauntlet | Noticed a great orb of eyes
 14174 | Gauntlet | Found a transporter.
 14273 | Gauntlet | Found a transporter.
 14275 | Gauntlet | Noticed a wizard
 14279 | Gauntlet | Identified the ring of Light {rPois Str+6 Int+2}
 14279 | Gauntlet | Noticed a wizard
 14295 | Gauntlet | Found a transporter.
 14620 | Gauntlet | Got a brightly glowing steel ring
 14635 | Gauntlet | Identified the ring of Oenomania {Ice Int+4} (You found it
                  | in a Gauntlet)
 14668 | Gauntlet | Killed a purple ugly thing
 14668 | Gauntlet | Reached skill level 10 in Dodging
 14676 | Gauntlet | Got an ancient cloak
 14689 | Gauntlet | Identified the cursed +0 cloak of Repulsion {rC+ Regen+
                  | Dex-4} (You found it in a Gauntlet)
 14692 | Gauntlet | Identified the +4 scimitar "Nadgh" {elec, *Noise rC+++
                  | Int-2 Dex+9}
 14692 | Gauntlet | Identified the ring of Huekk {*Slow +Blink Str+6 Dex+4}
 14692 | Gauntlet | Noticed a minotaur
 14781 | Gauntlet | Identified Luimomamm's Collected Works on Fiery Darkness
 14886 | Gauntlet | Slain by a minotaur

Illustrated notes

Levels and vault maps discovered:
D:1:      minmay_arrival_split_and_join, layout_basic
D:2:      layout_loops_ring, fedhas_altar_1
D:3:      layout_basic, chequers_ecumenical_altar_simple,
          gammafunk_ghost_abyssal_escape, grunt_ministairs_1,
          nicolae_ru_awakened_eye
D:4:      minmay_goblin_kobold_castle, layout_rooms, lemuel_crystal_altar,
          uniq_grinder
D:5:      layout_loops_ring, ashenzari_conservatory_becter,
          nicolae_overflow_quartered_altars, serial_shops, nicolae_shop_crystal,
          minmay_diced_spiral
D:6:      layout_basic, minitemple, serial_shops, shop_statue
D:7:      layout_loops_ring, minmay_temple_entry_statues_fountains
D:8:      layout_basic, overflow_temple_1_default, serial_shops, shop,
          minmay_shattered_shrine
D:9:      layout_cave_pools, kennysheep_opposing_triangles
D:10:     layout_roguey, erik_lair_island, small_statue_alley_a, uniq_grum
D:11:     layout_cave_pools, erik_orc_2, serial_shops,
          nicolae_shop_behind_doors, gauntlet_entry_generic,
          onia_ninara_dug_in_and_dangerous
Temple:   pf_slime_end_temple
Gauntlet: gammafunk_gauntlet_branching [nicolae_gauntlet_swirl,
          gammafunk_gauntlet_arena_hedges,
          gammafunk_gauntlet_arena_arrow_garden, nicolae_gauntlet_arena_grate_2,
          gammafunk_gauntlet_arena_crates, gammafunk_gauntlet_arena_split_x,
          gammafunk_gauntlet_arena_split_diamond,
          nicolae_gauntlet_arena_quarters, gauntlet_exit_green]

Skill      XL: |  1  2  3  4  5  6  7  8  9 10 11 |
---------------+----------------------------------+-----
Dodging        | 2 3 4 5 6 7 9 10 | 10.0
Ice Magic      | 5 6 7 |  7.4
Earth Magic    | 5 8 11 14 15 | 15.4
Stealth        | |  1.7
Spellcasting   | |  2.0

Action                   |  1- 3 |  4- 6 |  7- 9 | 10-12 || total
-------------------------+-------+-------+-------+-------++-------
Melee: Unarmed           |    51 |    32 |       |       ||    83
       Tailslap          |     5 |    10 |    40 |    43 ||    98
       Dagger            |       |   107 |   483 |   271 ||   861
 Cast: Freeze            |    37 |     4 |       |       ||    41
       Frozen Ramparts   |       |    23 |    84 |    60 ||   167
       Ozocubu's Armour  |       |       |    14 |     1 ||    15
       Lee's Rapid Decon |       |       |       |    18 ||    18
Evoke: Wand              |       |       |    12 |    14 ||    26
  Use: Potion            |       |     2 |     2 |     3 ||     7
       Scroll            |       |       |     9 |    10 ||    19
 Stab: Invisible         |       |     2 |       |       ||     2
       Sleeping          |       |       |     6 |       ||     6
Armor: Skin              |    27 |    38 |   107 |    74 ||   246
Dodge: Dodged            |    70 |   112 |   306 |   263 ||   751
Block: Other             |       |    29 |   109 |    73 ||   211
       Reflection        |       |     4 |     3 |       ||     7

Table legend: (Time is in decaauts)
 A = Elapsed time spent in this place.
 B = Non-inter-level travel time spent in this place.
 C = Inter-level travel time spent in this place.
 D = Time resting spent in this place.
 E = Time spent auto-exploring this place.
 F = Levels seen in this place.
 G = Mean time per level.
                   A        B        C        D        E       F      G
               +--------+--------+--------+--------+--------+-----+--------+
         Total |  14885 |  14589 |    296 |   1478 |   9454 |  13 | 1145.0 |
       Dungeon |  13905 |  13609 |    296 |   1239 |   9070 |  11 | 1264.1 |
        Temple |     24 |     24 |      0 |      0 |      0 |   1 |   24.0 |
      Gauntlet |    954 |    954 |      0 |    239 |    384 |   1 |  954.0 |
               +--------+--------+--------+--------+--------+-----+--------+

Top non-repeatable levels by time:
    D:10: 2125 daAuts
     D:4: 1914 daAuts
     D:7: 1901 daAuts
     D:6: 1764 daAuts
     D:8: 1543 daAuts
     D:5: 1484 daAuts
     D:9: 1293 daAuts
     D:3: 962 daAuts
Gauntlet: 954 daAuts
     D:1: 542 daAuts
     D:2: 349 daAuts
  Temple: 24 daAuts
    D:11: 24 daAuts
